 Dungeon Crawl Stone Soup version 0.31-a0-489-g282fc92437 (webtiles) character file.

Game seed: 12804791136503823931

721 MacCMillion the Ruffian (level 7, -5/49 HPs)
             Began as an Octopode Shapeshifter on Aug 8, 2023.
             Slain by a lemure (7 damage)
             ... led by Pikel
             ... on level 4 of the Dungeon.
             The game lasted 00:07:10 (4196 turns).

MacCMillion the Ruffian (Octopode Shapeshifter)     Turns: 4196, Time: 00:07:11

Health: -5/49      AC:  1    Str: 16    XL:     7   Next: 71%
Magic:  7/7        EV: 14    Int: 10    God:
Gold:   262        SH:  0    Dex: 19    Spells: 6/6 levels left

rFire   . .          .
                       - Unarmed
rCold   . . .        (no shield)
rNeg    . . .        (helmet currently unavailable)
rPois   .            (no amulet)
rElec   .            m - +6 ring of dexterity
rCorr   .            (no ring)
SInv    .            (no ring)
Will    .....        (no ring)
Stlth   +++          (no ring)
HPRegen 0.28/turn    (no ring)
MPRegen 0.10/turn    (no ring)
                     (no ring)

%: no passive effects
@: beast-form
A: beast (slay +2), almost no armour, amphibious, 8 rings, camouflage 1,
gelatinous body 1, (nimble swimmer 1), tentacles
a: Begin Untransformation


You were on level 4 of the Dungeon.
You were a hulking beast.
You visited 1 branch of the dungeon, and saw 4 of its levels.

You collected 262 gold pieces.

Inventory:

Missiles
 n - 3 poisoned darts
Jewellery
 m - a +6 ring of dexterity (left tentacle)
Talismans
 b - a beast talisman (active)
Wands
 o - a wand of polymorph (12)
 q - a wand of roots (7)
Scrolls
 d - 2 scrolls of silence
 f - a scroll of fear {unknown}
 h - a scroll of brand weapon {unknown}
 j - a scroll of teleportation {unknown}
 k - 2 scrolls of fog {unknown}
 p - 2 scrolls of poison {unknown}
Potions
 a - a potion of lignification
 e - 6 potions of curing
 g - a potion of ambrosia
 i - a potion of heal wounds
 l - 2 potions of brilliance


   Skills:
 + Level 4.8 Fighting
 + Level 3.3 Dodging
 - Level 2.0 Stealth
 + Level 6.5 Unarmed Combat
 - Level 3.0 Shapeshifting


You had 6 spell levels left.
You didn't know any spells.
Your spell library contained the following spells:

 Spells                   Type           Power      Damage    Failure   Level
 Summon Small Mammal      Summ           0%         N/A       36%         1
 Call Canine Familiar     Summ           0%         N/A       75%         3
 Inner Flame              Hex/Fire       0%         N/A       75%         3
 Summon Guardian Golem    Hex/Summ       0%         N/A       75%         3
 Flame Wave               Conj/Fire      0%         2d4       98%         4
 Sticky Flame             Conj/Fire      0%         2d3       98%         4


Dungeon Overview and Level Annotations

Branches:
Dungeon (4/15)
 Temple: D:4-7

Altars:

Annotations:
D:4 Pikel


Innate Abilities, Weirdness & Mutations

You are a hulking beast.
Your limbs bulge with bestial killing power. (Slay +2)
You cannot wear most types of armour.
You are amphibious.
You can wear up to eight rings at the same time.
Your skin changes colour to match your surroundings (Stealth+).
Your rubbery body absorbs attacks. (AC +1, EV +1)
((You are camouflaged when in or above water. (Stealth+)))
You have tentacles for arms and can constrict up to eight enemies at once.


Message History

You now have 262 gold pieces (gained 8).
Items here: )))) [[ ††††.
Items here: ( )) [ †.
You see here a +0 whip.
Pikel, Merchant of Souls comes into view.
He is wielding a +2 whip of electrocution and carrying a wand of quicksilver.
Pikel is nearby!
There is a stone staircase leading up here.
You climb upwards.
There is a stone staircase leading down here.
You start waiting.
Done waiting.
You climb downwards.
Level annotation: Pikel
There is a stone staircase leading up here.
A lemure comes into view.
Pikel shouts!
The lemure shouts!
You hear a shout! x3
You tentacle-slap Pikel. You grab Pikel. Your squeeze misses Pikel.
Pikel is lightly wounded.
You constrict Pikel, but do no damage.
Pikel zaps a wand.
The bolt of dispelling energy misses you.
You tentacle-slap Pikel.
Pikel is lightly wounded.
You constrict Pikel.
You tentacle-slap Pikel but do no damage.
Pikel is lightly wounded.
You constrict Pikel.
Pikel hits you with a +2 whip of electrocution!
You are electrocuted!
You bludgeon Pikel!
Pikel is moderately wounded.
You constrict Pikel, but do no damage.
Pikel hits you with a +2 whip of electrocution.
* * * LOW HITPOINT WARNING * * *
You release your grip on Pikel.
The lemure attacks as you move away! The lemure closely misses you.
A lemure comes into view.
Pikel zaps a wand.
The bolt of dispelling energy hits you!
* * * LOW HITPOINT WARNING * * *
The lemure attacks as you move away! The lemure hits you!
You die...

##..###..###...# ..#
##............#.#
..##...............#
#.............###.##
#.........#.#.# #.#
#........).#.# #.#
#........###.# #.## .
#........###.###..† ..
##.h......([........
...
#.5#<..#.####.######
#.!. ##K.#..)#.# #.#
....
#....#..###.##.####.#
####
..K...5...............
.###
.........######.#.#...
.... ##########
#........#.##
###.##..# ..


You could see Pikel and 2 lemures.

Vanquished Creatures
  Grinder (D:4)
  An ogre (D:3)
  A hound (D:4)
  2 orc priests (D:3)
  A sleepcap (D:4)
  Jessica (D:3)
  An iguana (D:4)
  An orc wizard (D:4)
  Ijyb (D:4)
  Robin (D:2)
  2 adders
  8 gnolls
  A white imp (D:4)
  A worm (D:2)
  A dart slug (D:4)
  5 orcs
  3 bats
  5 endoplasms
  3 giant cockroaches
  8 hobgoblins
  4 jackals (D:1)
  7 quokkas
  6 ball pythons
  5 frilled lizards
  21 goblins
  5 kobolds
  4 rats
100 creatures vanquished.

Notes
Turn   | Place    | Note
-------+----------+-------------------------------------------
     0 | D:1      | MacCMillion the Octopode Shapeshifter began the quest for
                  | the Orb.
     0 | D:1      | Reached XP level 1. HP: 13/13 MP: 1/1
   122 | D:1      | Reached XP level 2. HP: 13/18 MP: 2/2
   362 | D:1      | Found a faded altar of an unknown god.
   379 | D:1      | Reached XP level 3. HP: 24/24 MP: 3/3
  1042 | D:1      | Reached skill level 1 in Stealth
  1042 | D:1      | Reached skill level 4 in Unarmed Combat
  1197 | D:2      | Reached XP level 4. HP: 23/29 MP: 4/4
  2189 | D:3      | Noticed Jessica
  2198 | D:3      | Killed Jessica
  2199 | D:3      | Reached XP level 5. HP: 35/35 MP: 5/5
  2747 | D:2      | Noticed Robin
  2759 | D:2      | Killed Robin
  2816 | D:3      | Reached skill level 5 in Unarmed Combat
  2940 | D:3      | Noticed an ogre
  2975 | D:3      | Killed an ogre
  2976 | D:3      | Reached XP level 6. HP: 42/42 MP: 6/6
  3325 | D:3      | Reached skill level 6 in Unarmed Combat
  3516 | D:4      | Noticed Grinder
  3518 | D:4      | Paralysed by Grinder for 4 turns
  3628 | D:4      | Paralysed by Grinder for 3 turns
  3634 | D:4      | Killed Grinder
  3635 | D:4      | Reached XP level 7. HP: 23/49 MP: 7/7
  3752 | D:4      | Noticed Ijyb
  3760 | D:4      | Killed Ijyb
  4078 | D:4      | Noticed Pikel
  4195 | D:4      | HP: 2/49 [Pikel/bolt of dispelling energy (13)]
  4196 | D:4      | Slain by a lemure

Illustrated notes

Levels and vault maps discovered:
D:1:      dpeg_arrival_arbitrary_c, layout_basic,
          shapermc_ecumenical_altar_starsandcircs, kennysheep_flooded_box
D:2:      layout_basic, uniq_robin
D:3:      layout_rooms, minmay_statues_item, minmay_ogre_servants, uniq_jessica
D:4:      layout_loops_ring, minmay_misc_feat_iff, uniq_ijyb,
          uniq_crazy_yiuf_cottage, uniq_grinder, uniq_pikel

Skill      XL: |  1  2  3  4  5  6  7 |
---------------+----------------------+-----
Fighting       | 2 3 4 |  4.8
Stealth        | 1 2 |  2.0
Unarmed Combat | 4 5 6 |  6.5
Dodging        | 3 |  3.3
Shapeshifting  | |  3.0

Action                     |  1- 3 |  4- 6 |  7- 9 || total
---------------------------+-------+-------+-------++-------
  Melee: Unarmed           |    68 |    86 |    32 ||   186
         Constrict         |    19 |    26 |    11 ||    56
         Tentacles         |     5 |    20 |    10 ||    35
         Punch             |     1 |       |     2 ||     3
  Throw: Dart              |       |     3 |       ||     3
    Use: Scroll            |       |       |     5 ||     5
   Stab: Sleeping          |     7 |     5 |     1 ||    13
 Armour: Skin              |     3 |     1 |       ||     4
  Dodge: Dodged            |    35 |    37 |     7 ||    79

Table legend: (Time is in decaauts)
 A = Elapsed time spent in this place.
 B = Non-inter-level travel time spent in this place.
 C = Inter-level travel time spent in this place.
 D = Time resting spent in this place.
 E = Time spent auto-exploring this place.
 F = Levels seen in this place.
 G = Mean time per level.
                   A        B        C        D        E       F      G
               +--------+--------+--------+--------+--------+-----+--------+
         Total |   4186 |   4036 |    150 |   1739 |   1416 |   4 | 1046.5 |
       Dungeon |   4186 |   4036 |    150 |   1739 |   1416 |   4 | 1046.5 |
               +--------+--------+--------+--------+--------+-----+--------+

Top non-repeatable levels by time:
     D:2: 1837 daAuts
     D:3: 1172 daAuts
     D:1: 899 daAuts
     D:4: 277 daAuts
